 Dungeon Crawl Stone Soup version 0.13-a0-1502-g99810c3 (webtiles) character file.

222 Kae the Sneak (level 4, 0/21 HPs)
             Began as a Spriggan Enchanter on June 9, 2013.
             Splashed by a jelly's acid (8 damage)
             ... on Level 4 of the Dungeon.
             The game lasted 00:03:08 (2814 turns).

Kae the Sneak (Spriggan Enchanter)                  Turns: 2814, Time: 00:03:08

HP   0/21        AC  2     Str  5      XL: 4   Next: 23%
MP   9/11        EV 18     Int 16      God:
Gold 138         SH  0     Dex 16      Spells:  2 memorised,  3 levels left

Res.Fire  : . . .   See Invis. : +   a - +1 dagger {=f}
Res.Cold  : . . .   Warding    : .   b - +1 robe
Life Prot.: . . .   Conserve   : .   (shield restricted)
Res.Poison: .       Res.Corr.  : .   y - -1 cap
Res.Elec. : .       Clarity    : .   (no cloak)
Sust.Abil.: . .     Spirit.Shd : .   (gloves unavailable)
Res.Mut.  : .       Stasis     : .   (boots unavailable)
Res.Rott. : .       Flight     : .   (no amulet)
Saprovore : . . .                    (no ring)
                                     (no ring)

@: very quick, slightly resistant to hostile enchantments, quite stealthy
A: unfitting armour, see invisible, herbivore 3, speed 3, slow metabolism 2
a: no special abilities


You were on level 4 of the Dungeon.
You were not hungry.

You visited 1 branch of the dungeon, and saw 4 of its levels.

You collected 118 gold pieces.

Inventory:

Hand weapons
 a - a +1,+1 dagger (weapon) {=f}
Missiles
 d - 12 darts (quivered)
Armour
 b - a +1 robe (worn)
 n - a +0 buckler
 y - a -1 cap (worn)
Comestibles
 s - 3 bread rations
 x - a pear
Scrolls
 g - 5 scrolls of identify {unknown}
 h - a scroll of enchant armour {unknown}
 j - 3 scrolls of teleportation {unknown}
 m - 4 scrolls of enchant weapon II {unknown}
 o - 2 scrolls of amnesia {unknown}
 p - 2 scrolls of enchant weapon I {unknown}
 q - 3 scrolls of remove curse {unknown}
 v - a scroll of magic mapping {unknown}
 w - a scroll of recharging {unknown}
Potions
 e - a potion of porridge
 f - a potion of paralysis {unknown}
 i - 2 potions of magic {unknown}
 k - a potion of confusion {unknown}
 l - 3 potions of curing {unknown}
 r - 2 potions of heal wounds {unknown}
 t - a potion of restore abilities {unknown}
 u - 3 potions of poison {unknown}
 z - a potion of might {unknown}
Books
 c - a book of Maledictions

   Spells                             Type                      Level
   *Corona                            Hexes                        1
   Sure Blade                         Hexes/Charms                 2
   *Ensorcelled Hibernation           Hexes/Ice                    2
   Confuse                            Hexes                        3
   Enslavement                        Hexes                        4
   Invisibility                       Hexes                        6


   Skills:
 * Level 2.5 Short Blades
 - Level 1.1 Throwing
 - Level 3.0 Dodging
 + Level 5.0 Stealth
 + Level 1.9 Spellcasting
 + Level 4.3 Hexes


You had 3 spell levels left.
You knew the following spells:

 Your Spells              Type           Power        Failure   Level  Hunger
a - Corona                Hex            ###....      4%          1    #......
b - Ensorcelled Hibernat  Hex/Ice        #.....       14%         2    ###....


Dungeon Overview and Level Annotations

Branches:
Dungeon (4/27)
 Temple: D:4-7

Altars:
Nemelex Xobeh
Yredelemnul


Innate Abilities, Weirdness & Mutations

You are tiny and cannot use many weapons and most armour.
You have supernaturally acute eyesight.
You are a herbivore.
You cover ground extremely quickly.
You need consume almost no food.


Message History

A jelly is nearby!
You hear a slurping noise.
Casting: Ensorcelled Hibernation
Confirm with . or Enter, or press ? or * to list all spells.
You don't know that spell.
You start resting.
Magic restored.
You start resting.
You start resting.
Why would you want to do that? Why would you want to do that?
The jelly quivers.
Casting: Ensorcelled Hibernation
Confirm with . or Enter, or press ? or * to list all spells.
Aiming: Ensorcelled Hibernation
Press: ? - help, Shift-Dir - straight line, f/p - jelly
Aim: a jelly (moderately wounded)
You miscast Ensorcelled Hibernation.
Nothing appears to happen.
The jelly hits you!
You are splashed with acid!
The acid corrodes your -1 cap!
The acid burns!
You die...

..............................
#..............................
#..........≈≈≈≈≈≈..........J...
#..........≈≈≈≈≈≈..............
#..........≈≈_>≈≈..............
#..........≈≈.⌠≈≈.........⌠.⌠..
#..........≈≈≈≈≈≈.........._...
#..........≈≈≈≈≈≈.########⌠.⌠..
#............J@...# ##....
#..........######## #....
#..........# #.... #..........#
#.... #..........# #....
#..........# #.... #..........#
#.... #..........# #....
#.........<# #....


You could see a jelly.

Vanquished Creatures
  2 adders
  An ooze (D:2)
  A ball python (D:3)
  2 giant cockroaches
  8 goblins
  8 hobgoblins
  3 jackals (D:1)
  3 quokkas
  8 bats
  4 giant geckos
  2 giant newts (D:1)
  8 kobolds
  7 rats
57 creatures vanquished.

Notes
Turn   | Place    | Note
--------------------------------------------------------------
     0 | D:1      | Kae, the Spriggan Enchanter, began the quest for the Orb.
     0 | D:1      | Reached XP level 1. HP: 9/9 MP: 4/4
   313 | D:1      | Reached XP level 2. HP: 10/13 MP: 6/6
   723 | D:1      | Reached skill level 4 in Stealth
  1005 | D:2      | Reached XP level 3. HP: 16/16 MP: 9/9
  2013 | D:3      | Learned a level 2 spell: Ensorcelled Hibernation
  2311 | D:3      | Reached XP level 4. HP: 15/21 MP: 11/11
  2585 | D:4      | Found a basalt altar of Yredelemnul.
  2594 | D:4      | Reached skill level 5 in Stealth
  2609 | D:4      | Found a sparkling altar of Nemelex Xobeh.
  2814 | D:4      | Splashed by a jelly's acid

Action                   |  1- 3 |  4- 6 || total
-------------------------+-------+-------++-------
Melee: Dagger            |   191 |    35 ||   226
 Cast: Ensorcelled Hiber |       |     1 ||     1
 Stab: Sleeping          |     8 |     2 ||    10
